Map: Ultralove

Players

Jin - Winner!

  • Race: Protoss Protoss
  • League: Grandmaster
  • Spawn Location: 1:00

Moja

  • Race: Terran Terran
  • League: Grandmaster
  • Spawn Location: 7:00

VOD

Have the link to the VOD?

Description

Time

  • Played on: April 23, 2025, 4:47 p.m.
  • Length: 6:25
Show
View Real Time Build Order
Export as new Build Order

Jin Protoss - Winner!

Build Orders: 1 Gate Expand, Blink Stalkers 

Get SALT Encoding   

  12  0:00  Probe  
  13  0:12  Probe  
  14  0:17  Pylon  
  14  0:24  Probe  
  15  0:32  Probe  
  15  0:37  Gateway  
  15  0:40  Probe  
  16  0:46  Assimilator  
  17  0:51  Probe  
  18  1:03  Probe  
  19  1:15  Probe  
  20  1:25  Cybernetics Core  
  20  1:32  Nexus  
  20  1:38  Probe  
  21  1:43  Pylon  
  21  1:48  Assimilator  
  21  1:50  Probe  
  21  1:52  Adept  
  22  2:02  Warp Gate  
  22  2:03  Probe  
  25  2:12  Adept  
  25  2:15  Probe  
  28  2:27  Probe  
  29  2:32  Twilight Council  
  29  2:39  Blink, Probe  
  29  2:42  Stalker  
  32  2:51  Probe  
  32  2:54  Probe  
  32  2:58  Gateway  
  34  3:03  Probe  
  35  3:08  Probe  
  36  3:15  Probe  
  37  3:20  Probe  
  38  3:28  Probe  
  38  3:29  Robotics Facility  
  38  3:32  Probe  
  40  3:39  Gateway  
  40  3:40  Probe  
  41  3:44  Probe  
  41  3:46  Gateway  
  42  3:52  Probe  
  42  3:53  Stalker  
  42  3:54  Pylon  
  45  3:56  Probe  
  45  3:58  Pylon  
  46  4:10  Assimilator  
  46  4:12  Probe x2  
  46  4:14  Warp Prism  
  48  4:18  Stalker x2  
  54  4:26  Pylon  
  54  4:29  Probe  
  55  4:38  Stalker  
  55  4:41  Stalker  
  55  4:42  Stalker  
  55  4:44  Stalker  
  55  4:45  Observer  
  63  4:48  Pylon  
  63  4:49  Assimilator  
  64  4:54  Probe  
  66  5:05  Nexus  
  63  5:20  Stalker x3  
  69  5:24  Stalker  
  71  5:29  Probe  
  71  5:30  Probe  
  71  5:41  Probe  
  71  5:42  Probe  
  63  5:53  Stalker x4, Probe  
  63  5:56  Shield Battery  
  70  6:24  Stalker x4  
Show
View Real Time Build Order
Export as new Build Order

Moja Terran 

Build Orders: Reaper Expand 

Get SALT Encoding   

  12  0:00  SCV  
  13  0:12  SCV  
  14  0:17  Supply Depot  
  14  0:24  SCV  
  15  0:38  SCV  
  15  0:39  Barracks  
  16  0:44  Refinery  
  16  0:50  SCV  
  17  1:03  SCV  
  18  1:15  SCV  
  19  1:27  Reaper  
  19  1:29  Orbital Command  
  20  1:41  Command Center  
  20  1:50  Supply Depot  
  20  1:54  SCV  
  20  1:59  Marine  
  22  2:06  SCV  
  23  2:11  Factory  
  23  2:18  SCV, Bunker  
  23  2:21  Barracks Reactor  
  24  2:30  SCV, Refinery  
  25  2:43  SCV  
  26  2:54  Orbital Command  
  26  2:55  SCV  
  26  2:56  Starport  
  27  3:01  Marine x2  
  27  3:04  Factory Tech Lab  
  29  3:08  SCV  
  30  3:18  Marine  
  30  3:19  Marine  
  32  3:20  SCV  
  32  3:21  SCV  
  32  3:24  Siege Tank  
  37  3:32  Supply Depot  
  37  3:33  SCV  
  37  3:34  Starport Tech Lab  
  38  3:35  SCV  
  38  3:39  Marine  
  40  3:45  SCV  
  40  3:47  SCV  
  42  3:56  Raven  
  42  3:58  SCV  
  42  3:59  SCV  
  42  4:01  Supply Depot, Refinery  
  46  4:07  Marine x2  
  48  4:10  SCV  
  48  4:11  SCV  
  50  4:22  Supply Depot, SCV  
  50  4:23  SCV  
  52  4:31  Raven  
  54  4:34  SCV, Barracks  
  54  4:35  Barracks  
  55  4:38  SCV  
  55  4:39  Marine x2  
  55  4:40  Siege Tank  
  60  4:46  Supply Depot, SCV  
  60  4:50  SCV  
  62  4:55  Engineering Bay  
  62  4:58  SCV, Refinery  
  63  5:02  SCV  
  64  5:10  SCV  
  64  5:12  Marine x2  
  67  5:14  SCV  
  67  5:18  Siege Tank  
  69  5:22  SCV  
  69  5:26  SCV  
  71  5:32  Barracks Tech Lab  
  71  5:34  SCV  
  69  5:39  SCV  
  63  5:46  SCV  
  52  5:50  Marine x2  
  52  5:51  SCV  
  52  5:53  Marauder x2  
  59  5:58  Bunker  
  59  5:59  SCV  
  59  6:03  SCV  
  64  6:11  SCV  
Tags
 
Add a new tag
Caveats
  • Supply blocks, unpowered buildings, or Contaminate may cause inaccurate times.
  • Supply counts are checked every 10 seconds.